Sabres vs Canucks

Created - January 12 2008 at 11:46

Goals
1 2 3 OT1 SO T
Sabres 2 2 1 0 1 5
Canucks 2 0 3 0 2 6
Shots
1 2 3 OT1 SO T
Sabres 21 14 13 3 3 51
Canucks 13 1 6 0 3 20

Period #1

1. Canucks , Jarret Stoll 7 (Alexei Kovalev) at 5:04
2. Sabres , Michael Ryder 8 (Danny Markov, Nathan Paetsch) at 13:12 (PP)
3. Sabres , Nathan Paetsch 1 (Danny Markov, Ryan Miller) at 14:22 (PP)
4. Canucks , Robert Lang 17 (Sergei Fedorov, Bryan Smolinski) at 19:30

Penalties :
Robert Lang (VAN) for High sticking (Minor) at 6:32, Maxime Talbot (VAN) for Holding (Minor) at 10:25, Radek Bonk (VAN) for Tripping (Minor) at 11:13, Ryan Malone (VAN) for Interference (Minor) at 13:13

Period #2

5. Sabres , Nathan Horton 12 (Chris Drury, Thomas Vanek) at 9:21 (PP)
6. Sabres , Henrik Zetterberg 16 (Toni Lydman, Derek Roy) at 11:48

Penalties :
Dustin Brown (VAN) for Holding (Minor) at 4:10, Radek Bonk (VAN) for Slashing (Minor) at 4:55, Alexei Kovalev (VAN) for High sticking (Double Minor) at 8:17, Ryan Malone (VAN) for Delaying the game (Minor) at 15:24, Maxime Talbot (VAN) for Slashing (Minor) at 16:39

Period #3

7. Canucks , Radim Vrbata 4 (Maxime Talbot, Craig Rivet) at 1:51
8. Canucks , Alexei Kovalev 13 (Jarret Stoll, Steven Reinprecht) at 12:44 (PP)
9. Canucks , Alexei Kovalev 14 (Jarret Stoll) at 13:14
10. Sabres , Thomas Vanek 21 (John-Michael Liles, Chris Drury) at 15:20

Penalties :
Sergei Fedorov (VAN) for Hooking (Minor) at 2:39, Mike Commodore (VAN) for Hooking (Minor) at 4:13, Dustin Brown (VAN) for Hooking (Minor) at 9:11, Doug Weight (BUF) for Slashing (Minor) at 9:11, Michael Ryder (BUF) for Slashing (Minor) at 11:35, Dustin Brown (VAN) for Tripping (Minor) at 13:18, Thomas Vanek (BUF) for Roughing (Minor) at 19:00

Overtime #1

No Goal

Penalties :
No Penalty

Shootout

Penalty Shot by Johan Franzen for Sabres - Goal!
Penalty Shot by Matt Cullen for Canucks - Shot Misses the Net
Penalty Shot by Michael Ryder for Sabres - Shot Misses the Net
Penalty Shot by Alexei Kovalev for Canucks - Goal!
Penalty Shot by Jochen Hecht for Sabres - Stopped by Jocelyn Thibault
Penalty Shot by Dustin Brown for Canucks - Goal!

Penalties :
No Penalty

Goalie Stats

Ryan Miller (BUF), 15 saves from 20 shots - (0.750), 53:14 minutes
Peter Budaj (BUF), 0 saves from 0 shots - (0.000), OTL, 4-3-1, 11:46 minutes
Evgeni Nabokov (VAN), 42 saves from 47 shots - (0.894), 55:20 minutes
Jocelyn Thibault (VAN), 4 saves from 4 shots - (1.000), W, 3-3-1, 9:40 minutes

Players Stats

Sabres
Player Name              G  A  P  +/- PIM S  H  SB FO MP 
-----------------------------------------------------------
Brian Campbell           0  0  0   0  0   0  0  0  0  2  
Chris Drury              0  2  2   0  0   4  1  0  14 15 
Daniel Briere            0  0  0   0  0   0  0  0  5  6  
Danny Markov             0  2  2   0  0   1  1  0  0  28 
Derek Roy                0  1  1   0  0   2  2  0  15 12 
Dmitri Kalinin           0  0  0  -2  0   2  2  0  0  29 
Doug Weight              0  0  0  -2  2   4  1  0  25 17 
Henrik Zetterberg        1  0  1   1  0   4  1  0  1  11 
Jochen Hecht             0  0  0   0  0   5  1  0  5  26 
Johan Franzen            0  0  0  -1  0   0  3  0  34 28 
John-Michael Liles       0  1  1  -2  0   6  1  0  0  28 
Michael Ryder            1  0  1   0  2   2  2  0  6  29 
Milan Hejduk             0  0  0   0  0   0  0  0  0  4  
Nathan Horton            1  0  1  -2  0   5  1  0  4  27 
Nathan Paetsch           1  1  2   0  0   2  0  0  0  25 
Rob Blake                0  0  0   0  0   0  0  0  0  0  
Thomas Vanek             1  1  2  -2  2   14 0  0  2  26 
Toni Lydman              0  1  1   0  0   0  1  1  0  17 
Canucks
Player Name              G  A  P  +/- PIM S  H  SB FO MP 
-----------------------------------------------------------
Alexei Kovalev           2  1  3   2  4   5  0  0  7  17 
Anders Eriksson          0  0  0   1  0   0  1  1  0  24 
Andrei Markov            0  0  0  -1  0   0  0  3  0  21 
Brad Richardson          0  0  0   0  0   0  0  0  1  12 
Bryan Smolinski          0  1  1  -1  0   3  0  0  2  15 
Craig Rivet              0  1  1   1  0   0  0  3  0  23 
Dustin Brown             0  0  0   2  6   1  3  0  3  15 
Jarret Stoll             1  2  3   2  0   1  1  0  29 16 
Matt Cullen              0  0  0   0  0   0  0  0  20 17 
Maxime Talbot            0  1  1   1  4   0  1  0  1  17 
Mike Commodore           0  0  0   2  2   0  3  2  0  25 
Radek Bonk               0  0  0   1  4   0  1  0  24 18 
Radim Vrbata             1  0  1   1  0   3  0  0  2  13 
Robert Lang              1  0  1  -1  2   6  1  0  20 15 
Ron Hainsey              0  0  0   2  0   0  0  0  0  25 
Ryan Malone              0  0  0  -1  4   1  5  0  1  14 
Sergei Fedorov           0  1  1  -1  2   0  3  2  0  18 
Steven Reinprecht        0  1  1   0  0   0  0  0  1  7  

3 Stars

1 - Alexei Kovalev (VAN)
2 - Jarret Stoll (VAN)
3 - Nathan Paetsch (BUF)

Power Play

Sabres - 3 on 12 Attempt(s) - 25.00%
Canucks - 1 on 2 Attempt(s) - 50.00%

Penalty Kill

Sabres - 1 on 2 Attempt(s) - 50.00% - Score 0 goal in Penalty Kill
Canucks - 9 on 12 Attempt(s) - 75.00% - Score 0 goal in Penalty Kill

Game Notes

Peter Budaj enters game at 13:14 of 3rd period
Jocelyn Thibault enters game at 15:20 of 3rd period

Finance

Level 1 -- Attendance: 4877 (81.29%) -- Ticket Income $390,160.00
Level 2 -- Attendance: 2704 (54.09%) -- Ticket Income $175,760.00
Level 3 -- Attendance: 885 (44.25%) -- Ticket Income $44,250.00
Level 4 -- Attendance: 2287 (57.17%) -- Ticket Income $57,175.00
Luxury Box -- Attendance: 557 (55.72%) -- Ticket Income $139,250.00
Game was played at the General Motors Place
Total Attendance: 11310 (59.08%)
Total Ticket Income: $830,087.00
Other Income: $139,649.70
Total Income: $969,737.00


Play by Play

Period #1

0:01 of 1st period - Johan Franzen wins face-off versus Jarret Stoll in neutral zone.
0:04 of 1st period - Shot by Nathan Paetsch.
0:04 of 1st period - Shot Misses the Net.
0:08 of 1st period - Shot by Jochen Hecht.
0:08 of 1st period - Stopped by Evgeni Nabokov without a rebound.
0:09 of 1st period - Robert Lang wins face-off versus Doug Weight in Canucks zone.
0:24 of 1st period - Shot by Doug Weight.
0:24 of 1st period - Shot Blocked by Andrei Markov.
0:26 of 1st period - Shot by Nathan Horton.
0:26 of 1st period - Shot Misses the Net.
0:30 of 1st period - Shot by Thomas Vanek.
0:30 of 1st period - Stopped by Evgeni Nabokov without a rebound.
0:31 of 1st period - Jarret Stoll wins face-off versus Johan Franzen in Canucks zone.
0:39 of 1st period - Off-side.
0:40 of 1st period - Radek Bonk wins face-off versus Michael Ryder in neutral zone.
1:13 of 1st period - Radek Bonk is hit by Johan Franzen and loses puck.
1:27 of 1st period - Off-side.
1:28 of 1st period - Jarret Stoll wins face-off versus Doug Weight in neutral zone.
1:37 of 1st period - Shot by Alexei Kovalev.
1:37 of 1st period - Stopped by Ryan Miller without a rebound.
1:38 of 1st period - Robert Lang wins face-off versus Doug Weight in Sabres zone.
1:38 of 1st period - Sergei Fedorov is hit by Dmitri Kalinin and loses puck.
2:03 of 1st period - Shot by Nathan Horton.
2:03 of 1st period - Deflect By Thomas Vanek.
2:03 of 1st period - Shot Blocked by Sergei Fedorov.
2:07 of 1st period - Shot by Thomas Vanek.
2:07 of 1st period - Shot Misses the Net.
2:09 of 1st period - Shot by Thomas Vanek.
2:09 of 1st period - Stopped by Evgeni Nabokov without a rebound.
2:10 of 1st period - Jarret Stoll wins face-off versus Johan Franzen in Canucks zone.
2:53 of 1st period - Shot by Thomas Vanek.
2:53 of 1st period - Shot Misses the Net.
2:55 of 1st period - Shot by Doug Weight.
2:55 of 1st period - Deflect By Thomas Vanek.
2:55 of 1st period - Shot Misses the Net.
2:57 of 1st period - Shot by Thomas Vanek.
2:57 of 1st period - Stopped by Evgeni Nabokov without a rebound.
2:58 of 1st period - Radek Bonk wins face-off versus Doug Weight in Canucks zone.
2:58 of 1st period - Radim Vrbata is hit by Doug Weight and loses puck.
3:32 of 1st period - Off-side.
3:33 of 1st period - Johan Franzen wins face-off versus Robert Lang in neutral zone.
3:36 of 1st period - Shot by Derek Roy.
3:36 of 1st period - Stopped by Evgeni Nabokov without a rebound.
3:37 of 1st period - Robert Lang wins face-off versus Derek Roy in Canucks zone.
3:48 of 1st period - Shot by Bryan Smolinski.
3:48 of 1st period - Stopped by Ryan Miller without a rebound.
3:49 of 1st period - Johan Franzen wins face-off versus Matt Cullen in Sabres zone.
4:55 of 1st period - Thomas Vanek is hit by Mike Commodore and loses puck.
5:04 of 1st period - Shot by Jarret Stoll.
5:04 of 1st period - Goal by Jarret Stoll - Sabres : 0 - Canucks : 1.
5:05 of 1st period - Derek Roy wins face-off versus Jarret Stoll in neutral zone.
5:10 of 1st period - Shot by Jochen Hecht.
5:10 of 1st period - Shot Blocked by Mike Commodore.
5:14 of 1st period - Shot by Derek Roy.
5:14 of 1st period - Stopped by Evgeni Nabokov without a rebound.
5:15 of 1st period - Robert Lang wins face-off versus Derek Roy in Canucks zone.
5:32 of 1st period - Mike Commodore is hit by Derek Roy and loses puck.
5:43 of 1st period - Shot by Jochen Hecht.
5:43 of 1st period - Shot Misses the Net.
6:31 of 1st period - Daniel Briere is hit by Ryan Malone and loses puck.
6:32 of 1st period - Minor Penalty to Robert Lang for High sticking.
6:33 of 1st period - Chris Drury wins face-off versus Matt Cullen in Sabres zone.
7:16 of 1st period - Icing by Dmitri Kalinin.
7:17 of 1st period - Maxime Talbot wins face-off versus Johan Franzen in Sabres zone.
7:17 of 1st period - Andrei Markov is hit by Dmitri Kalinin and loses puck.
7:53 of 1st period - Shot by Michael Ryder.
7:53 of 1st period - Stopped by Evgeni Nabokov without a rebound.
7:54 of 1st period - Chris Drury wins face-off versus Radek Bonk in Canucks zone.
8:07 of 1st period - Shot by Chris Drury.
8:07 of 1st period - Stopped by Evgeni Nabokov without a rebound.
8:08 of 1st period - Matt Cullen wins face-off versus Johan Franzen in Canucks zone.
8:21 of 1st period - Brad Richardson is hit by Henrik Zetterberg and loses puck.
8:32 of 1st period - Icing by Toni Lydman.
8:33 of 1st period - Robert Lang wins face-off versus Doug Weight in Sabres zone.
9:28 of 1st period - Ron Hainsey is hit by Jochen Hecht and loses puck.
9:49 of 1st period - Shot by Alexei Kovalev.
9:49 of 1st period - Stopped by Ryan Miller without a rebound.
9:50 of 1st period - Derek Roy wins face-off versus Radek Bonk in Sabres zone.
10:25 of 1st period - Minor Penalty to Maxime Talbot for Holding.
10:26 of 1st period - Chris Drury wins face-off versus Matt Cullen in Sabres zone.
11:13 of 1st period - Minor Penalty to Radek Bonk for Tripping.
11:14 of 1st period - Chris Drury wins face-off versus Alexei Kovalev in neutral zone.
11:23 of 1st period - Shot by Brian Campbell.
11:23 of 1st period - Shot Misses the Net.
11:27 of 1st period - Shot by Nathan Horton.
11:27 of 1st period - Shot Misses the Net.
11:29 of 1st period - Shot by Henrik Zetterberg.
11:29 of 1st period - Shot Misses the Net.
11:31 of 1st period - Shot by Brian Campbell.
11:31 of 1st period - Shot Blocked by Andrei Markov.
11:57 of 1st period - Shot by Michael Ryder.
11:57 of 1st period - Shot Misses the Net.
12:05 of 1st period - Shot by Michael Ryder.
12:05 of 1st period - Deflect By Jochen Hecht.
12:05 of 1st period - Stopped by Evgeni Nabokov without a rebound.
12:06 of 1st period - Daniel Briere wins face-off versus Alexei Kovalev in Canucks zone.
12:11 of 1st period - Shot by Nathan Horton.
12:11 of 1st period - Stopped by Evgeni Nabokov without a rebound.
12:12 of 1st period - Alexei Kovalev wins face-off versus Henrik Zetterberg in Canucks zone.
12:22 of 1st period - Off-side.
12:23 of 1st period - Alexei Kovalev wins face-off versus Daniel Briere in neutral zone.
12:37 of 1st period - Icing by Nathan Horton.
12:38 of 1st period - Daniel Briere wins face-off versus Alexei Kovalev in Sabres zone.
12:49 of 1st period - Shot by John-Michael Liles.
12:49 of 1st period - Stopped by Evgeni Nabokov without a rebound.
12:50 of 1st period - Matt Cullen wins face-off versus Johan Franzen in Canucks zone.
13:08 of 1st period - Shot by Nathan Paetsch.
13:08 of 1st period - Shot Misses the Net.
13:10 of 1st period - Shot by Danny Markov.
13:10 of 1st period - Stopped by Evgeni Nabokov with a rebound.
13:12 of 1st period - Shot by Michael Ryder.
13:12 of 1st period - Goal by Michael Ryder - Sabres : 1 - Canucks : 1.
13:13 of 1st period - Derek Roy wins face-off versus Ryan Malone in neutral zone.
13:13 of 1st period - Minor Penalty to Ryan Malone for Interference.
13:14 of 1st period - Johan Franzen wins face-off versus Radek Bonk in neutral zone.
13:41 of 1st period - Shot by John-Michael Liles.
13:41 of 1st period - Shot Blocked by Craig Rivet.
13:43 of 1st period - Shot by Dmitri Kalinin.
13:43 of 1st period - Stopped by Evgeni Nabokov without a rebound.
13:44 of 1st period - Chris Drury wins face-off versus Radek Bonk in Canucks zone.
14:03 of 1st period - Shot by Nathan Paetsch.
14:03 of 1st period - Deflect By Chris Drury.
14:03 of 1st period - Shot Misses the Net.
14:07 of 1st period - Shot by Chris Drury.
14:07 of 1st period - Stopped by Evgeni Nabokov without a rebound.
14:08 of 1st period - Matt Cullen wins face-off versus Chris Drury in Canucks zone.
14:08 of 1st period - Matt Cullen is hit by Michael Ryder.
14:22 of 1st period - Shot by Nathan Paetsch.
14:22 of 1st period - Goal by Nathan Paetsch - Sabres : 2 - Canucks : 1.
14:23 of 1st period - Robert Lang wins face-off versus Doug Weight in neutral zone.
14:32 of 1st period - Shot by Doug Weight.
14:32 of 1st period - Stopped by Evgeni Nabokov without a rebound.
14:33 of 1st period - Johan Franzen wins face-off versus Dustin Brown in Canucks zone.
14:33 of 1st period - Derek Roy is hit by Mike Commodore and loses puck.
15:04 of 1st period - Alexei Kovalev is hit by Toni Lydman and loses puck.
15:10 of 1st period - Off-side.
15:11 of 1st period - Doug Weight wins face-off versus Bryan Smolinski in neutral zone.
15:11 of 1st period - Thomas Vanek is hit by Robert Lang.
15:37 of 1st period - Shot by Robert Lang.
15:37 of 1st period - Shot Misses the Net.
15:39 of 1st period - Shot by Bryan Smolinski.
15:39 of 1st period - Stopped by Ryan Miller without a rebound.
15:40 of 1st period - Doug Weight wins face-off versus Radek Bonk in Sabres zone.
15:40 of 1st period - Doug Weight is hit by Maxime Talbot.
15:54 of 1st period - Shot by Thomas Vanek.
15:54 of 1st period - Stopped by Evgeni Nabokov with a rebound.
15:58 of 1st period - Shot by Doug Weight.
15:58 of 1st period - Stopped by Evgeni Nabokov without a rebound.
15:59 of 1st period - Johan Franzen wins face-off versus Jarret Stoll in Canucks zone.
16:08 of 1st period - Shot by Jochen Hecht.
16:08 of 1st period - Stopped by Evgeni Nabokov with a rebound.
16:22 of 1st period - Shot by Dustin Brown.
16:22 of 1st period - Stopped by Ryan Miller without a rebound.
16:23 of 1st period - Thomas Vanek wins face-off versus Robert Lang in Sabres zone.
16:28 of 1st period - Shot by Nathan Horton.
16:28 of 1st period - Stopped by Evgeni Nabokov without a rebound.
16:29 of 1st period - Doug Weight wins face-off versus Radek Bonk in Canucks zone.
16:39 of 1st period - Icing by Dmitri Kalinin.
16:40 of 1st period - Robert Lang wins face-off versus Doug Weight in Sabres zone.
16:49 of 1st period - Shot by Robert Lang.
16:49 of 1st period - Stopped by Ryan Miller with a rebound.
16:51 of 1st period - Shot by Robert Lang.
16:51 of 1st period - Stopped by Ryan Miller without a rebound.
16:52 of 1st period - Jarret Stoll wins face-off versus Johan Franzen in Sabres zone.
18:12 of 1st period - Shot by Robert Lang.
18:12 of 1st period - Shot Misses the Net.
18:16 of 1st period - Shot by Robert Lang.
18:16 of 1st period - Stopped by Ryan Miller without a rebound.
18:17 of 1st period - Radek Bonk wins face-off versus Doug Weight in Sabres zone.
18:20 of 1st period - Shot by Radim Vrbata.
18:20 of 1st period - Stopped by Ryan Miller without a rebound.
18:21 of 1st period - Radek Bonk wins face-off versus Doug Weight in Sabres zone.
18:37 of 1st period - Radek Bonk is hit by John-Michael Liles and loses puck.
19:26 of 1st period - Shot by Robert Lang.
19:26 of 1st period - Stopped by Ryan Miller with a rebound.
19:30 of 1st period - Shot by Robert Lang.
19:30 of 1st period - Goal by Robert Lang - Sabres : 2 - Canucks : 2.
19:31 of 1st period - Jarret Stoll wins face-off versus Derek Roy in neutral zone.
19:55 of 1st period - Shot by Alexei Kovalev.
19:55 of 1st period - Stopped by Ryan Miller without a rebound.
19:56 of 1st period - Robert Lang wins face-off versus Derek Roy in Sabres zone.

Period #2

0:01 of 2nd period - Jochen Hecht wins face-off versus Jarret Stoll in neutral zone.
0:56 of 2nd period - Icing by Ron Hainsey.
0:57 of 2nd period - Doug Weight wins face-off versus Jarret Stoll in Canucks zone.
0:57 of 2nd period - John-Michael Liles is hit by Mike Commodore and loses puck.
1:08 of 2nd period - Shot by Nathan Horton.
1:08 of 2nd period - Deflect By Thomas Vanek.
1:08 of 2nd period - Shot Misses the Net.
1:12 of 2nd period - Shot by Thomas Vanek.
1:12 of 2nd period - Shot Misses the Net.
1:18 of 2nd period - Shot by Nathan Horton.
1:18 of 2nd period - Shot Misses the Net.
1:20 of 2nd period - Shot by Nathan Horton.
1:20 of 2nd period - Shot Misses the Net.
1:24 of 2nd period - Shot by John-Michael Liles.
1:24 of 2nd period - Stopped by Evgeni Nabokov without a rebound.
1:25 of 2nd period - Robert Lang wins face-off versus Derek Roy in Canucks zone.
3:00 of 2nd period - Shot by Doug Weight.
3:00 of 2nd period - Stopped by Evgeni Nabokov with a rebound.
3:36 of 2nd period - Shot by Chris Drury.
3:36 of 2nd period - Deflect By Henrik Zetterberg.
3:36 of 2nd period - Shot Misses the Net.
3:38 of 2nd period - Shot by Jochen Hecht.
3:38 of 2nd period - Shot Misses the Net.
3:42 of 2nd period - Shot by Chris Drury.
3:42 of 2nd period - Stopped by Evgeni Nabokov without a rebound.
3:43 of 2nd period - Michael Ryder wins face-off versus Jarret Stoll in Canucks zone.
3:48 of 2nd period - Shot by Jochen Hecht.
3:48 of 2nd period - Stopped by Evgeni Nabokov without a rebound.
3:49 of 2nd period - Derek Roy wins face-off versus Jarret Stoll in Canucks zone.
4:10 of 2nd period - Minor Penalty to Dustin Brown for Holding.
4:11 of 2nd period - Chris Drury wins face-off versus Matt Cullen in Sabres zone.
4:55 of 2nd period - Minor Penalty to Radek Bonk for Slashing.
4:56 of 2nd period - Johan Franzen wins face-off versus Alexei Kovalev in neutral zone.
7:00 of 2nd period - Milan Hejduk is hit by Sergei Fedorov and loses puck.
7:04 of 2nd period - Milan Hejduk is hit by Sergei Fedorov and loses puck.
7:21 of 2nd period - Milan Hejduk is hit by Sergei Fedorov and loses puck.
7:24 of 2nd period - Shot by Henrik Zetterberg.
7:24 of 2nd period - Stopped by Evgeni Nabokov without a rebound.
7:25 of 2nd period - Doug Weight wins face-off versus Jarret Stoll in Canucks zone.
7:51 of 2nd period - Icing by Ron Hainsey.
7:52 of 2nd period - Jarret Stoll wins face-off versus Doug Weight in Canucks zone.
8:16 of 2nd period - Dmitri Kalinin is hit by Dustin Brown and loses puck.
8:17 of 2nd period - Double Minor Penalty to Alexei Kovalev for High sticking.
8:18 of 2nd period - Matt Cullen wins face-off versus Johan Franzen in Sabres zone.
9:11 of 2nd period - Shot by Thomas Vanek.
9:11 of 2nd period - Stopped by Evgeni Nabokov without a rebound.
9:12 of 2nd period - Chris Drury wins face-off versus Radek Bonk in Canucks zone.
9:15 of 2nd period - Shot by Nathan Horton.
9:15 of 2nd period - Shot Blocked by Mike Commodore.
9:19 of 2nd period - Shot by Chris Drury.
9:19 of 2nd period - Shot Misses the Net.
9:21 of 2nd period - Shot by Nathan Horton.
9:21 of 2nd period - Goal by Nathan Horton - Sabres : 3 - Canucks : 2.
9:22 of 2nd period - Radek Bonk wins face-off versus Chris Drury in neutral zone.
10:13 of 2nd period - Shot by Thomas Vanek.
10:13 of 2nd period - Shot Blocked by Anders Eriksson.
11:42 of 2nd period - Shot by Henrik Zetterberg.
11:42 of 2nd period - Shot Misses the Net.
11:44 of 2nd period - Shot by Derek Roy.
11:44 of 2nd period - Shot Blocked by Andrei Markov.
11:48 of 2nd period - Shot by Henrik Zetterberg.
11:48 of 2nd period - Goal by Henrik Zetterberg - Sabres : 4 - Canucks : 2.
11:49 of 2nd period - Dustin Brown wins face-off versus Doug Weight in neutral zone.
12:11 of 2nd period - Shot by Dustin Brown.
12:11 of 2nd period - Shot Misses the Net.
13:39 of 2nd period - Shot by Thomas Vanek.
13:39 of 2nd period - Shot Hit the Post.
13:43 of 2nd period - Shot by Dmitri Kalinin.
13:43 of 2nd period - Stopped by Evgeni Nabokov with a rebound.
13:47 of 2nd period - Shot by Thomas Vanek.
13:47 of 2nd period - Stopped by Evgeni Nabokov with a rebound.
13:56 of 2nd period - Shot by Thomas Vanek.
13:56 of 2nd period - Shot Misses the Net.
14:00 of 2nd period - Shot by Thomas Vanek.
14:00 of 2nd period - Shot Blocked by Craig Rivet.
14:02 of 2nd period - Shot by Thomas Vanek.
14:02 of 2nd period - Shot Misses the Net.
14:04 of 2nd period - Shot by Jochen Hecht.
14:04 of 2nd period - Deflect By Thomas Vanek.
14:04 of 2nd period - Stopped by Evgeni Nabokov without a rebound.
14:05 of 2nd period - Doug Weight wins face-off versus Jarret Stoll in Canucks zone.
14:06 of 2nd period - Shot by Thomas Vanek.
14:06 of 2nd period - Stopped by Evgeni Nabokov without a rebound.
14:07 of 2nd period - Jarret Stoll wins face-off versus Doug Weight in Canucks zone.
14:22 of 2nd period - Shot by Ron Hainsey.
14:22 of 2nd period - Shot Misses the Net.
14:46 of 2nd period - Derek Roy is hit by Dustin Brown and loses puck.
14:56 of 2nd period - Andrei Markov is hit by Danny Markov and loses puck.
15:10 of 2nd period - Derek Roy is hit by Ryan Malone and loses puck.
15:15 of 2nd period - Shot by Sergei Fedorov.
15:15 of 2nd period - Shot Blocked by Toni Lydman.
15:19 of 2nd period - Shot by Bryan Smolinski.
15:19 of 2nd period - Shot Misses the Net.
15:24 of 2nd period - Minor Penalty to Ryan Malone for Delaying the game.
15:25 of 2nd period - Brad Richardson wins face-off versus Chris Drury in Sabres zone.
16:22 of 2nd period - Icing by Dmitri Kalinin.
16:23 of 2nd period - Daniel Briere wins face-off versus Radek Bonk in Sabres zone.
16:39 of 2nd period - Minor Penalty to Maxime Talbot for Slashing.
16:40 of 2nd period - Radek Bonk wins face-off versus Jochen Hecht in neutral zone.
17:13 of 2nd period - Off-side.
17:14 of 2nd period - Chris Drury wins face-off versus Matt Cullen in neutral zone.
18:20 of 2nd period - Shot by Daniel Briere.
18:20 of 2nd period - Shot Misses the Net.
18:22 of 2nd period - Shot by Jochen Hecht.
18:22 of 2nd period - Stopped by Evgeni Nabokov without a rebound.
18:23 of 2nd period - Matt Cullen wins face-off versus Johan Franzen in Canucks zone.
18:40 of 2nd period - Shot by Michael Ryder.
18:40 of 2nd period - Shot Misses the Net.
18:43 of 2nd period - Icing by Sergei Fedorov.
18:44 of 2nd period - Robert Lang wins face-off versus Derek Roy in Canucks zone.
19:07 of 2nd period - Toni Lydman is hit by Ryan Malone and loses puck.
19:14 of 2nd period - Shot by Ryan Malone.
19:14 of 2nd period - Stopped by Ryan Miller without a rebound.
19:15 of 2nd period - Jarret Stoll wins face-off versus Doug Weight in Sabres zone.
19:43 of 2nd period - Shot by Thomas Vanek.
19:43 of 2nd period - Stopped by Evgeni Nabokov without a rebound.
19:44 of 2nd period - Johan Franzen wins face-off versus Radek Bonk in Canucks zone.

Period #3

0:01 of 3rd period - Johan Franzen wins face-off versus Jarret Stoll in neutral zone.
0:36 of 3rd period - Shot by Alexei Kovalev.
0:36 of 3rd period - Shot Misses the Net.
1:09 of 3rd period - Icing by Sergei Fedorov.
1:10 of 3rd period - Robert Lang wins face-off versus Nathan Horton in Canucks zone.
1:28 of 3rd period - Icing by John-Michael Liles.
1:29 of 3rd period - Nathan Horton wins face-off versus Radek Bonk in Sabres zone.
1:29 of 3rd period - Nathan Horton is hit by Radek Bonk.
1:49 of 3rd period - Shot by Radim Vrbata.
1:49 of 3rd period - Stopped by Ryan Miller with a rebound.
1:51 of 3rd period - Shot by Maxime Talbot.
1:51 of 3rd period - Deflect By Radim Vrbata.
1:51 of 3rd period - Goal by Radim Vrbata - Sabres : 4 - Canucks : 3.
1:52 of 3rd period - Robert Lang wins face-off versus Derek Roy in neutral zone.
1:52 of 3rd period - Robert Lang is hit by Johan Franzen.
1:58 of 3rd period - Shot by Bryan Smolinski.
1:58 of 3rd period - Stopped by Ryan Miller without a rebound.
1:59 of 3rd period - Matt Cullen wins face-off versus Johan Franzen in Sabres zone.
2:03 of 3rd period - Icing by Nathan Paetsch.
2:04 of 3rd period - Johan Franzen wins face-off versus Robert Lang in Sabres zone.
2:04 of 3rd period - Jochen Hecht is hit by Ryan Malone and loses puck.
2:34 of 3rd period - Shot by Jochen Hecht.
2:34 of 3rd period - Shot Misses the Net.
2:36 of 3rd period - Shot by Jochen Hecht.
2:36 of 3rd period - Shot Blocked by Sergei Fedorov.
2:39 of 3rd period - Minor Penalty to Sergei Fedorov for Hooking.
2:40 of 3rd period - Johan Franzen wins face-off versus Matt Cullen in Canucks zone.
2:45 of 3rd period - Shot by John-Michael Liles.
2:45 of 3rd period - Stopped by Evgeni Nabokov with a rebound.
3:57 of 3rd period - Matt Cullen is hit by Chris Drury and loses puck.
4:13 of 3rd period - Minor Penalty to Mike Commodore for Hooking.
4:14 of 3rd period - Radek Bonk wins face-off versus Chris Drury in Canucks zone.
4:23 of 3rd period - Radek Bonk is hit by Nathan Horton and loses puck.
4:40 of 3rd period - Shot by John-Michael Liles.
4:40 of 3rd period - Stopped by Evgeni Nabokov without a rebound.
4:41 of 3rd period - Radek Bonk wins face-off versus Johan Franzen in Canucks zone.
5:10 of 3rd period - Henrik Zetterberg is hit by Anders Eriksson and loses puck.
5:32 of 3rd period - Shot by Nathan Horton.
5:32 of 3rd period - Deflect By Chris Drury.
5:32 of 3rd period - Stopped by Evgeni Nabokov without a rebound.
5:33 of 3rd period - Daniel Briere wins face-off versus Radek Bonk in Canucks zone.
7:13 of 3rd period - Shot by Ryan Malone.
7:13 of 3rd period - Deflect By Robert Lang.
7:13 of 3rd period - Stopped by Ryan Miller with a rebound.
7:20 of 3rd period - Icing by Thomas Vanek.
7:21 of 3rd period - Steven Reinprecht wins face-off versus Doug Weight in Sabres zone.
7:40 of 3rd period - Shot by Steven Reinprecht.
7:40 of 3rd period - Shot Misses the Net.
8:14 of 3rd period - Shot by Henrik Zetterberg.
8:14 of 3rd period - Stopped by Evgeni Nabokov without a rebound.
8:15 of 3rd period - Derek Roy wins face-off versus Radek Bonk in Canucks zone.
8:26 of 3rd period - Shot by Derek Roy.
8:26 of 3rd period - Shot Misses the Net.
9:07 of 3rd period - Off-side.
9:08 of 3rd period - Doug Weight wins face-off versus Jarret Stoll in neutral zone.
9:10 of 3rd period - Off-side.
9:11 of 3rd period - Jarret Stoll wins face-off versus Johan Franzen in neutral zone.
9:11 of 3rd period - Minor Penalty to Dustin Brown for Hooking.
9:11 of 3rd period - Minor Penalty to Doug Weight for Slashing.
9:12 of 3rd period - Johan Franzen wins face-off versus Matt Cullen in neutral zone.
9:21 of 3rd period - Shot by Henrik Zetterberg.
9:21 of 3rd period - Stopped by Evgeni Nabokov without a rebound.
9:22 of 3rd period - Johan Franzen wins face-off versus Jarret Stoll in Canucks zone.
10:40 of 3rd period - Icing by Thomas Vanek.
10:41 of 3rd period - Jochen Hecht wins face-off versus Radim Vrbata in Sabres zone.
11:02 of 3rd period - Shot by Nathan Horton.
11:02 of 3rd period - Stopped by Evgeni Nabokov without a rebound.
11:03 of 3rd period - Matt Cullen wins face-off versus Nathan Horton in Canucks zone.
11:25 of 3rd period - Shot by Nathan Horton.
11:25 of 3rd period - Shot Misses the Net.
11:33 of 3rd period - Shot by Nathan Horton.
11:33 of 3rd period - Stopped by Evgeni Nabokov without a rebound.
11:34 of 3rd period - Jarret Stoll wins face-off versus Michael Ryder in Canucks zone.
11:34 of 3rd period - Jarret Stoll is hit by Johan Franzen.
11:35 of 3rd period - Minor Penalty to Michael Ryder for Slashing.
11:36 of 3rd period - Johan Franzen wins face-off versus Robert Lang in Canucks zone.
11:42 of 3rd period - Icing by Andrei Markov.
11:43 of 3rd period - Robert Lang wins face-off versus Johan Franzen in Canucks zone.
12:13 of 3rd period - Off-side.
12:14 of 3rd period - Jarret Stoll wins face-off versus Nathan Horton in neutral zone.
12:44 of 3rd period - Shot by Alexei Kovalev.
12:44 of 3rd period - Goal by Alexei Kovalev - Sabres : 4 - Canucks : 4.
12:45 of 3rd period - Radek Bonk wins face-off versus Derek Roy in neutral zone.
12:47 of 3rd period - Off-side.
12:48 of 3rd period - Johan Franzen wins face-off versus Radek Bonk in neutral zone.
12:50 of 3rd period - Off-side.
12:51 of 3rd period - Radek Bonk wins face-off versus Derek Roy in neutral zone.
13:05 of 3rd period - Icing by Toni Lydman.
13:06 of 3rd period - Michael Ryder wins face-off versus Robert Lang in Sabres zone.
13:12 of 3rd period - Icing by Derek Roy.
13:13 of 3rd period - Jarret Stoll wins face-off versus Michael Ryder in Sabres zone.
13:14 of 3rd period - Shot by Alexei Kovalev.
13:14 of 3rd period - Goal by Alexei Kovalev - Sabres : 4 - Canucks : 5.
13:14 of 3rd period - Peter Budaj enters game.
13:15 of 3rd period - Jarret Stoll wins face-off versus Doug Weight in neutral zone.
13:18 of 3rd period - Minor Penalty to Dustin Brown for Tripping.
13:19 of 3rd period - Matt Cullen wins face-off versus Johan Franzen in Sabres zone.
14:15 of 3rd period - Shot by Nathan Paetsch.
14:15 of 3rd period - Stopped by Evgeni Nabokov without a rebound.
14:16 of 3rd period - Chris Drury wins face-off versus Matt Cullen in Canucks zone.
14:33 of 3rd period - Shot by Chris Drury.
14:33 of 3rd period - Deflect By Jochen Hecht.
14:33 of 3rd period - Shot Misses the Net.
15:08 of 3rd period - Shot by John-Michael Liles.
15:08 of 3rd period - Stopped by Evgeni Nabokov with a rebound.
15:10 of 3rd period - Shot by Thomas Vanek.
15:10 of 3rd period - Stopped by Evgeni Nabokov without a rebound.
15:11 of 3rd period - Chris Drury wins face-off versus Matt Cullen in Canucks zone.
15:16 of 3rd period - Shot by John-Michael Liles.
15:16 of 3rd period - Stopped by Evgeni Nabokov with a rebound.
15:20 of 3rd period - Shot by Thomas Vanek.
15:20 of 3rd period - Goal by Thomas Vanek - Sabres : 5 - Canucks : 5.
15:20 of 3rd period - Jocelyn Thibault enters game.
15:21 of 3rd period - Bryan Smolinski wins face-off versus Doug Weight in neutral zone.
15:57 of 3rd period - Icing by Andrei Markov.
15:58 of 3rd period - Robert Lang wins face-off versus Derek Roy in Canucks zone.
15:58 of 3rd period - Robert Lang is hit by Derek Roy.
16:06 of 3rd period - Robert Lang is hit by Michael Ryder.
16:12 of 3rd period - Toni Lydman is hit by Ryan Malone and loses puck.
16:18 of 3rd period - Off-side.
16:19 of 3rd period - Johan Franzen wins face-off versus Jarret Stoll in neutral zone.
16:51 of 3rd period - Icing by Mike Commodore.
16:52 of 3rd period - Doug Weight wins face-off versus Jarret Stoll in Canucks zone.
17:07 of 3rd period - Shot by Doug Weight.
17:07 of 3rd period - Stopped by Jocelyn Thibault without a rebound.
17:08 of 3rd period - Doug Weight wins face-off versus Radim Vrbata in Canucks zone.
17:49 of 3rd period - Icing by Anders Eriksson.
17:50 of 3rd period - Radek Bonk wins face-off versus Johan Franzen in Canucks zone.
18:45 of 3rd period - Shot by Henrik Zetterberg.
18:45 of 3rd period - Shot Misses the Net.
18:47 of 3rd period - Shot by Derek Roy.
18:47 of 3rd period - Shot Misses the Net.
18:51 of 3rd period - Shot by Derek Roy.
18:51 of 3rd period - Shot Misses the Net.
19:00 of 3rd period - Minor Penalty to Thomas Vanek for Roughing.
19:01 of 3rd period - Robert Lang wins face-off versus Jochen Hecht in Canucks zone.
19:16 of 3rd period - Jochen Hecht is hit by Dustin Brown and loses puck.

Overtime #1

0:01 of 1st overtime period - Matt Cullen wins face-off versus Johan Franzen in neutral zone.
0:20 of 1st overtime period - Shot by Steven Reinprecht.
0:20 of 1st overtime period - Shot Misses the Net.
0:55 of 1st overtime period - Icing by Radim Vrbata.
0:56 of 1st overtime period - Jarret Stoll wins face-off versus Michael Ryder in Canucks zone.
1:10 of 1st overtime period - Icing by Nathan Paetsch.
1:11 of 1st overtime period - Jarret Stoll wins face-off versus Jochen Hecht in Sabres zone.
1:16 of 1st overtime period - Shot by Jarret Stoll.
1:16 of 1st overtime period - Shot Misses the Net.
1:54 of 1st overtime period - Johan Franzen is hit by Jarret Stoll.
2:43 of 1st overtime period - Icing by Dmitri Kalinin.
2:44 of 1st overtime period - Johan Franzen wins face-off versus Matt Cullen in Sabres zone.
2:46 of 1st overtime period - Icing by Nathan Horton.
2:47 of 1st overtime period - Matt Cullen wins face-off versus Johan Franzen in Sabres zone.
3:45 of 1st overtime period - Shot by Henrik Zetterberg.
3:45 of 1st overtime period - Shot Misses the Net.
3:49 of 1st overtime period - Shot by Thomas Vanek.
3:49 of 1st overtime period - Stopped by Jocelyn Thibault with a rebound.
3:51 of 1st overtime period - Shot by Thomas Vanek.
3:51 of 1st overtime period - Shot Misses the Net.
4:01 of 1st overtime period - Shot by Thomas Vanek.
4:01 of 1st overtime period - Stopped by Jocelyn Thibault without a rebound.
4:02 of 1st overtime period - Thomas Vanek wins face-off versus Alexei Kovalev in Canucks zone.
4:05 of 1st overtime period - Shot by Thomas Vanek.
4:05 of 1st overtime period - Shot Blocked by Craig Rivet.
4:29 of 1st overtime period - Shot by Thomas Vanek.
4:29 of 1st overtime period - Stopped by Jocelyn Thibault without a rebound.
4:30 of 1st overtime period - Johan Franzen wins face-off versus Dustin Brown in Canucks zone.

ShootOut

ShootOut - Penalty Shot by Johan Franzen for Sabres.
ShootOut - Goal by Johan Franzen.
ShootOut - Penalty Shot by Matt Cullen for Canucks.
ShootOut - Shot Misses the Net.
ShootOut - Penalty Shot by Michael Ryder for Sabres.
ShootOut - Shot Misses the Net.
ShootOut - Penalty Shot by Alexei Kovalev for Canucks.
ShootOut - Goal by Alexei Kovalev.
ShootOut - Penalty Shot by Jochen Hecht for Sabres.
ShootOut - Stopped by Jocelyn Thibault.
ShootOut - Penalty Shot by Dustin Brown for Canucks.
ShootOut - Goal by Dustin Brown.


Output by the SimonT Hockey Simulator (STHS) for Stephane Roy -- Original Page W3C XHTML 1.0 Valid